 Dungeon Crawl Stone Soup version 0.29.0-4-gdea44cf6ec (webtiles) character file.

Game seed: 8227482441829384399

2912 qw the Cleaver (level 9, -1/79 HPs)
             Began as a Minotaur Berserker on Sept 5, 2022.
             Was an Elder of Trog.
             Engulfed by a cloud of flame (22 damage)
             ... on level 7 of the Dungeon.
             The game lasted 00:02:23 (7816 turns).

qw the Cleaver (Minotaur Berserker)                 Turns: 7816, Time: 00:02:24

Health: -1/79      AC: 19    Str: 26    XL:     9   Next: 49%
Magic:  8/8        EV:  8    Int:  4    God:    Trog [****..]
Gold:   365        SH:  5    Dex: 10    Spells: 8/8 levels left

rFire   . . .      SeeInvis .   f - +11 war axe of True Grit {speed, rPois rCorr Dex+2}
rCold   . . .      Faith    .   (no shield)
rNeg    . . .      Spirit   .   l - +3 plate armour
rPois   +          Reflect  +   (helmet restricted)
rElec   .          Harm     .   (no cloak)
rCorr   +          Rampage  .   a - +2 pair of gloves
Will    .....                   (no boots)
Stlth   ..........              b - amulet of reflection
HPRegen 0.23/turn               (no ring)
MPRegen 0.11/turn               (no ring)

@: no status effects
A: horns 2, retaliatory headbutt, claws 1, clumsy 1
a: Renounce Religion, Berserk, Trog's Hand, Brothers in Arms


You were on level 7 of the Dungeon.
You worshipped Trog.
Trog was greatly pleased with you.
You visited 1 branch of the dungeon, and saw 7 of its levels.

You collected 365 gold pieces.


Innate Abilities, Weirdness & Mutations

You have a pair of horns on your head.
You reflexively headbutt those who attack you in melee.
You have sharp fingernails.
You are clumsy. (Dex -2)


   Skills:
 + Level 7.4 Fighting
 - Level 13.0 Axes
 - Level 3.0 Throwing
 - Level 6.2 Armour
 - Level 2.1 Dodging


You had 8 spell levels left.
You didn't know any spells.
Your spell library was empty.

Inventory:

Hand Weapons
 f - the +11 war axe of True Grit (weapon) {speed, rPois rCorr Dex+2}
   (You found it on level 5 of the Dungeon)

   Attacks with this weapon are significantly faster.
   Dex:       It affects your dexterity (+2).
   rPois:     It protects you from poison.
   rCorr:     It protects you from acid and corrosion.
 q - a +0 flail
Missiles
 n - 5 javelins (quivered)
Armour
 a - a +2 pair of gloves (worn)
 l - a +3 plate armour (worn)
Jewellery
 b - an amulet of reflection (around neck)
Scrolls
 j - a scroll of identify
Potions
 c - a potion of resistance
 d - 4 potions of mutation
 e - a potion of might
 g - 7 potions of curing
 h - a potion of ambrosia {unknown}
 k - a potion of cancellation

Dungeon Overview and Level Annotations

Branches:
Dungeon (7/15)             Temple (0/1) D:6

Altars:
Ashenzari
Makhleb
Qazlal
Vehumet
Yredelemnul

Shops:
D:7 :

Annotations:
D:5 1 runed translucent door, qw's ghost, novice GrBe


Message History

7546 ||| READING 2 scrolls of identify.
As you read the scroll of identify, it crumbles to dust.
e - a potion of might
7546 ||| IDENTIFYING lumpy yellow potion You're standing in a cloud of flame!
You're standing in a cloud of flame!
7547 ||| Stepping randomly (cloudy).
You're in a travel-excluded area, stopping explore.
You're in a travel-excluded area, stopping explore.
7548 ||| READING scroll of teleportation.
As you read the scroll of teleportation, it crumbles to dust.
You feel strangely unstable.
You start waiting.
Your surroundings suddenly seem different.
You open the door.
There is an open door here.
You open the door.
There is an open door here.
Things that are here:
a +0 dagger; a +0 robe; 3 scrolls of silence
Things that are here:
a +0 dagger; a +0 robe You see here a +0 short sword.
You're in a travel-excluded area, stopping explore.
You're in a travel-excluded area, stopping explore.
You're in a travel-excluded area, stopping explore.
7811 ||| Stepping randomly (stuck).
You're in a travel-excluded area, stopping explore.
You're in a travel-excluded area, stopping explore.
You're in a travel-excluded area, stopping explore.
7813 ||| Stepping randomly (stuck).
Really walk into that cloud of flame?
You are engulfed in blazing flames.
You're standing in a cloud of flame!
You are engulfed in blazing flames.
You're standing in a cloud of flame!
You are engulfed in blazing flames.
You're standing in a cloud of flame!
You are engulfed in blazing flames.
You die...

...### #.# #.## ...#
#########.###.0######## ...#
#.........#...........# ...#
#...........####0####.# ...#
#...........# #¤# *,* ...#
#.........00# *#¤## *,** ...#
#####.....00#######**,,* ####
#.....00¤¤¤#8#.,,,,*
########.....0@#######**,,*
###............00# ##¤## *,,*
..#..............# #¤* *,,*
#.#.......######.####.####,,*
#....###..# #...........,,*
#.........# #...###..####.#
..###.....#####.######......#
..# ##.................#*#***
..####........)##..#####


There were no monsters in sight!

Vanquished Creatures
  Menkaure (D:7)
  A water moccasin (D:5)
  2 black bears
  3 ice beasts
  2 ogres
  A centaur (D:6)
  6 phantoms
  2 necrophages
  A bullfrog (D:7)
  3 scorpions
  2 water moccasin skeletons (D:5)
  2 bullfrog zombies (D:5)
  A centaur zombie (D:5)
  5 hounds
  2 jellies
  3 orc priests
  A bullfrog skeleton (D:5)
  5 iguanas
  A scorpion zombie (D:5)
  Ijyb (D:4)
  Natasha (thrice) (D:3)
  4 orc wizards
  A killer bee zombie (D:5)
  A hound zombie (D:5)
  A howler monkey zombie (D:5)
  Robin (D:3)
  4 gnolls (D:4)
  A howler monkey skeleton (D:5)
  10 adders
  A white imp (D:5)
  An ufetubus (D:4)
  2 dart slugs
  19 orcs
  9 ball pythons
  5 bats
  5 endoplasms
  2 giant cockroaches (D:4)
  18 goblins
  8 hobgoblins
  3 jackals (D:2)
  4 quokkas
  A frilled lizard (D:3)
  6 kobolds
  5 rats
160 creatures vanquished.

Notes
Turn   | Place    | Note
-------+----------+-------------------------------------------
     0 | D:1      | qw the Minotaur Berserker began the quest for the Orb.
     0 | D:1      | Reached XP level 1. HP: 19/19 MP: 0/0
     0 | D:1      | 0 ||| qw: Version: 0.1-a-104-g96f76f8
     0 | D:1      | 0 ||| qw: Game counter: 5958
     0 | D:1      | 0 ||| qw: Always use a shield: true
     0 | D:1      | 0 ||| qw: Do Orc after D:15 true
     0 | D:1      | 0 ||| qw: Do second Lair branch before Depths: true
     0 | D:1      | 0 ||| qw: Lair rune preference: random
     0 | D:1      | 0 ||| qw: Plans: Normal
     0 | D:1      | 0 ||| PLANNING D:1-11
   310 | D:1      | 310 ||| Stepping ~*~*~tactically~*~*~ (stealth).
   316 | D:1      | Reached skill level 4 in Axes
   549 | D:1      | Found a faded altar of an unknown god.
   679 | D:1      | Reached XP level 2. HP: 26/26 MP: 1/1
   971 | D:1      | 971 ||| UPGRADING to +0 leather armour.
   981 | D:1      | 981 ||| DROPPING +0 animal skin.
   982 | D:1      | 982 ||| READING scroll labelled XIEDYO IBIN.
   983 | D:1      | 983 ||| READING scroll labelled ZACZUA AFETIWN.
   984 | D:1      | 984 ||| READING scroll labelled XESTROI WIMA.
   985 | D:1      | 985 ||| DRINKING 2 red potions.
  1066 | D:2      | Reached skill level 5 in Axes
  1084 | D:2      | 1084 ||| DROPPING +0 club.
  1190 | D:2      | 1190 ||| Stepping ~*~*~tactically~*~*~ (hiding).
  1199 | D:2      | Reached XP level 3. HP: 29/31 MP: 2/2
  1355 | D:2      | Found a basalt altar of Yredelemnul.
  1462 | D:2      | Found Cuavve's Antique Armour Shop.
  1502 | D:2      | Identified the +8 sling of the Imperium {speed, rElec
                  | rPois}
  1538 | D:2      | 1538 ||| SWAPPING to +0 war axe.
  1542 | D:2      | 1542 ||| DROPPING +0 hand axe.
  1590 | D:2      | Reached ** piety under Trog
  1667 | D:2      | 1667 ||| UPGRADING to +0 chain mail.
  1677 | D:2      | 1677 ||| DROPPING +0 leather armour.
  1678 | D:2      | 1678 ||| READING 3 scrolls labelled GAXTUXT LAEHO.
  1679 | D:2      | 1679 ||| READING scroll labelled UGANIRUO RIDAA.
  1684 | D:2      | 1684 ||| READING 2 scrolls of identify.
  1684 | D:2      | 1684 ||| IDENTIFYING viscous purple potion
  1685 | D:2      | 1685 ||| DROPPING potion of brilliance.
  1703 | D:3      | Noticed Natasha
  1708 | D:3      | 1708 ||| INVOKING Berserk.
  1710 | D:3      | Killed Natasha
  1711 | D:3      | Reached skill level 6 in Axes
  1711 | D:3      | Reached XP level 4. HP: 34/39 MP: 3/3
  1836 | D:3      | Found a basalt altar of Yredelemnul.
  1847 | D:3      | 1847 ||| Stepping ~*~*~tactically~*~*~ (hiding).
  1848 | D:3      | 1848 ||| Stepping ~*~*~tactically~*~*~ (hiding).
  2107 | D:3      | Found a faded altar of an unknown god.
  2111 | D:3      | Found a radiant altar of Vehumet.
  2257 | D:3      | 2257 ||| Stepping ~*~*~tactically~*~*~ (stealth).
  2258 | D:3      | Noticed Robin
  2259 | D:3      | 2259 ||| Stepping ~*~*~tactically~*~*~ (hiding).
  2266 | D:3      | 2266 ||| INVOKING Berserk.
  2269 | D:3      | Killed Robin
  2428 | D:3      | Noticed Natasha
  2431 | D:3      | 2431 ||| INVOKING Berserk.
  2434 | D:3      | Killed Natasha
  2435 | D:3      | Reached skill level 7 in Axes
  2435 | D:3      | Reached XP level 5. HP: 45/45 MP: 4/4
  2548 | D:3      | Found a burning altar of Makhleb.
  2656 | D:3      | Noticed Natasha
  2657 | D:3      | 2657 ||| Stepping ~*~*~tactically~*~*~ (stealth).
  2658 | D:3      | 2658 ||| Stepping ~*~*~tactically~*~*~ (stealth).
  2659 | D:3      | 2659 ||| Stepping ~*~*~tactically~*~*~ (stealth).
  2663 | D:3      | 2663 ||| INVOKING Berserk.
  2665 | D:3      | Killed Natasha
  3104 | D:3      | 3104 ||| READING scroll labelled GOENUYSCH REEN.
  3105 | D:3      | 3105 ||| DRINKING 2 yellow potions.
  3105 | D:3      | Gained mutation: You have sharp fingernails. [potion of
                  | mutation]
  3105 | D:3      | Gained mutation: You are clumsy. (Dex -2) [potion of
                  | mutation]
  3106 | D:3      | 3106 ||| DRINKING 2 bubbling puce potions.
  3211 | D:3      | 3211 ||| DROPPING potion of berserk rage.
  3250 | D:4      | 3250 ||| STAIRDANCE
  3252 | D:3      | 3252 ||| INVOKING Berserk.
  3361 | D:4      | 3361 ||| STAIRDANCE
  3366 | D:4      | Noticed an ogre
  3366 | D:4      | Noticed Ijyb
  3367 | D:4      | 3367 ||| STAIRDANCE
  3479 | D:4      | 3479 ||| STAIRDANCE
  3481 | D:3      | 3481 ||| INVOKING Berserk.
  3484 | D:3      | Killed an ogre
  3485 | D:3      | Reached skill level 8 in Axes
  3485 | D:3      | Reached XP level 6. HP: 52/52 MP: 5/5
  3553 | D:4      | 3553 ||| STAIRDANCE
  3559 | D:4      | 3559 ||| INVOKING Berserk.
  3562 | D:4      | Killed Ijyb
  3571 | D:4      | 3571 ||| Stepping ~*~*~tactically~*~*~ (hiding).
  3712 | D:4      | Reached skill level 9 in Axes
  3825 | D:4      | 3825 ||| FLEEEEING.
  3826 | D:4      | 3826 ||| FLEEEEING.
  4036 | D:4      | 4036 ||| Stepping ~*~*~tactically~*~*~ (stealth).
  4037 | D:4      | 4037 ||| Stepping ~*~*~tactically~*~*~ (stealth).
  4252 | D:4      | Reached *** piety under Trog
  4253 | D:4      | Reached XP level 7. HP: 54/61 MP: 6/6
  4433 | D:4      | 4433 ||| READING scroll labelled COOSTYPUSM.
  4434 | D:4      | 4434 ||| READING scroll labelled AKHLUGU WITSA.
  4535 | D:4      | 4535 ||| READING 2 scrolls of identify.
  4535 | D:4      | 4535 ||| IDENTIFYING fizzy dark potion
  4586 | D:3      | 4586 ||| READING 2 scrolls of teleportation.
  4630 | D:3      | 4630 ||| READING scroll of teleportation.
  4659 | D:5      | Entered Level 5 of the Dungeon
  4666 | D:5      | Reached skill level 3 in Armour
  4666 | D:5      | 4666 ||| STAIRDANCE
  4677 | D:5      | 4677 ||| INVOKING Berserk.
  4680 | D:5      | 4680 ||| STAIRDANCE
  4845 | D:5      | 4845 ||| Stepping ~*~*~tactically~*~*~ (stealth).
  4883 | D:5      | 4883 ||| INVOKING Berserk.
  4886 | D:5      | HP: 22/91 [poisoned by a water moccasin]
  4889 | D:5      | Reached skill level 10 in Axes
  4891 | D:5      | HP: 10/61 [poisoned by a water moccasin]
  5024 | D:5      | 5024 ||| FLEEEEING.
  5025 | D:5      | 5025 ||| FLEEEEING.
  5026 | D:5      | 5026 ||| FLEEEEING.
  5027 | D:5      | 5027 ||| FLEEEEING.
  5028 | D:5      | 5028 ||| FLEEEEING.
  5030 | D:5      | 5030 ||| FLEEEEING.
  5031 | D:5      | 5031 ||| FLEEEEING.
  5032 | D:5      | 5032 ||| FLEEEEING.
  5033 | D:5      | 5033 ||| FLEEEEING.
  5034 | D:5      | 5034 ||| FLEEEEING.
  5035 | D:5      | 5035 ||| FLEEEEING.
  5036 | D:5      | 5036 ||| FLEEEEING.
  5037 | D:5      | 5037 ||| STAIRDANCE
  5162 | D:5      | 5162 ||| INVOKING Berserk.
  5164 | D:5      | 5164 ||| STAIRDANCE
  5281 | D:5      | Identified the +11 war axe of True Grit {speed, rPois rCorr
                  | Dex+2}
  5283 | D:5      | 5283 ||| SWAPPING to +11 war axe of True Grit {speed, rPois
                  | rCorr Dex+2}.
  5284 | D:5      | 5284 ||| DROPPING +0 war axe.
  5297 | D:5      | 5297 ||| Stepping ~*~*~tactically~*~*~ (hiding).
  5309 | D:5      | Reached skill level 6 in Fighting
  5314 | D:5      | Reached XP level 8. HP: 63/70 MP: 7/7
  5402 | D:5      | 5402 ||| DROPPING +0 mace.
  5407 | D:5      | 5407 ||| Stepping ~*~*~tactically~*~*~ (stealth).
  5438 | D:5      | 5438 ||| Stepping ~*~*~tactically~*~*~ (stealth).
  5441 | D:5      | 5441 ||| Stepping ~*~*~tactically~*~*~ (stealth).
  5447 | D:5      | Reached skill level 11 in Axes
  5451 | D:5      | 5451 ||| DROPPING +2 whip of venom.
  5602 | D:5      | Reached skill level 12 in Axes
  5605 | D:5      | 5605 ||| Stepping ~*~*~tactically~*~*~ (stealth).
  5606 | D:5      | 5606 ||| Stepping ~*~*~tactically~*~*~ (stealth).
  5614 | D:5      | 5614 ||| Stepping ~*~*~tactically~*~*~ (stealth).
  5629 | D:5      | 5629 ||| Stepping ~*~*~tactically~*~*~ (stealth).
  5749 | D:5      | 5749 ||| Stepping ~*~*~tactically~*~*~ (stealth).
  5871 | D:5      | Found a runed translucent door.
  5880 | D:5      | Found a broken altar of Ashenzari.
  5892 | D:5      | Noticed qw's ghost (novice GrBe)
  5942 | D:5      | 5942 ||| UPGRADING to amulet of reflection.
  5947 | D:5      | 5947 ||| READING scroll labelled CUDASEIGHA.
  5948 | D:5      | 5948 ||| DRINKING 2 coppery potions.
  5949 | D:5      | 5949 ||| DRINKING 2 amethyst potions.
  5950 | D:5      | 5950 ||| DROPPING potion of flight.
  5993 | D:6      | 5993 ||| Stepping ~*~*~tactically~*~*~ (stealth).
  5994 | D:6      | 5994 ||| Stepping ~*~*~tactically~*~*~ (stealth).
  5998 | D:6      | 5998 ||| INVOKING Berserk.
  6153 | D:6      | Identified the +4 ring mail of the Saviour {-Tele rElec
                  | rPois rN++}
  6166 | D:6      | Found a staircase to the Ecumenical Temple.
  6218 | D:6      | Identified the +10 dagger "Zev Cum" {vorpal, rF+ Will++
                  | Str+2 Stlth-}
  6253 | D:6      | Reached skill level 1 in Throwing
  6294 | D:6      | Reached XP level 9. HP: 69/79 MP: 8/8
  6504 | D:6      | 6504 ||| INVOKING Berserk.
  6726 | D:6      | 6726 ||| DROPPING +2 mace of protection.
  6730 | D:6      | 6730 ||| UPGRADING to +0 pair of gloves.
  6735 | D:6      | 6735 ||| UPGRADING to +0 plate armour.
  6745 | D:6      | 6745 ||| DROPPING +0 chain mail.
  6746 | D:6      | 6746 ||| READING 4 scrolls of enchant armour.
  6746 | D:6      | 6746 ||| ENCHANTING +0 pair of gloves.
  6747 | D:6      | 6747 ||| READING 3 scrolls of enchant armour.
  6747 | D:6      | 6747 ||| ENCHANTING +1 pair of gloves.
  6748 | D:6      | 6748 ||| READING 2 scrolls of enchant armour.
  6748 | D:6      | 6748 ||| ENCHANTING +0 plate armour.
  6749 | D:6      | 6749 ||| DROPPING +4 ring mail of the Saviour {-Tele rElec
                  | rPois rN++}.
  6750 | D:6      | 6750 ||| READING scroll of enchant armour.
  6750 | D:6      | 6750 ||| ENCHANTING +1 plate armour.
  6751 | D:6      | 6751 ||| DRINKING 3 metallic puce potions.
  6780 | D:6      | 6780 ||| DROPPING 2 potions of lignification.
  6815 | D:7      | 6815 ||| INVOKING Berserk.
  6821 | D:7      | 6821 ||| STAIRDANCE
  6942 | D:7      | Found Naopreri's Book Boutique.
  6943 | D:7      | Noticed Menkaure
  6944 | D:7      | 6944 ||| Stepping ~*~*~tactically~*~*~ (hiding).
  6945 | D:7      | 6945 ||| Stepping ~*~*~tactically~*~*~ (hiding).
  6946 | D:7      | 6946 ||| Stepping ~*~*~tactically~*~*~ (hiding).
  6948 | D:7      | 6948 ||| INVOKING Berserk.
  6951 | D:7      | Killed Menkaure
  7094 | D:7      | 7094 ||| Stepping ~*~*~tactically~*~*~ (stealth).
  7131 | D:7      | 7131 ||| Stepping ~*~*~tactically~*~*~ (stealth).
  7135 | D:7      | 7135 ||| Stepping ~*~*~tactically~*~*~ (stealth).
  7142 | D:7      | Reached **** piety under Trog
  7149 | D:7      | Reached skill level 6 in Armour
  7205 | D:7      | Found a stormy altar of Qazlal.
  7218 | D:7      | 7218 ||| INVOKING Berserk.
  7221 | D:7      | Reached skill level 13 in Axes
  7332 | D:7      | 7332 ||| READING scroll of enchant armour.
  7332 | D:7      | 7332 ||| ENCHANTING +2 plate armour.
  7388 | D:7      | Reached skill level 3 in Throwing
  7545 | D:7      | 7545 ||| READING scroll labelled CIUCRI PANTO.
  7546 | D:7      | 7546 ||| READING 2 scrolls of identify.
  7546 | D:7      | 7546 ||| IDENTIFYING lumpy yellow potion
  7547 | D:7      | 7547 ||| Stepping randomly (cloudy).
  7548 | D:7      | 7548 ||| READING scroll of teleportation.
  7811 | D:7      | 7811 ||| Stepping randomly (stuck).
  7813 | D:7      | 7813 ||| Stepping randomly (stuck).
  7816 | D:7      | Engulfed by a cloud of flame

Levels and vault maps discovered:
D:1:      tarquinn_simple_flora_water_f, layout_basic,
          dreamdust_ecumenical_altar_hidden_monk_grotto, minmay_small_reverse_x
D:2:      layout_basic, basic_altar, serial_shops, nicolae_shop_stone,
          nicolae_underground_beach
D:3:      wander_river, layout_basic, overflow_temple_1_default,
          nicolae_overflow_ecumenical_swirl, yredelemnul_altar_generic,
          uniq_robin, uniq_natasha
D:4:      layout_loops_ring, uniq_ijyb
D:5:      layout_rooms, overflow_temple_1_default, serial_undead,
          serial_undead_d, serial_undead_f, serial_undead_c, serial_undead_d,
          gammafunk_ghost_grave, dk_noncrumbling_2
D:6:      layout_basic, minmay_temple_entry_large_hall, solitary_fountain
D:7:      layout_basic, old_standard_altar, serial_shops, nicolae_square_shop,
          lemuel_flamethrower_2, uniq_menkaure

Skill      XL: |  1  2  3  4  5  6  7  8  9 |
---------------+----------------------------+-----
Axes           | 4 5 6 7 8 9 10 12 13 | 13.0
Fighting       | 4 5 6 7 |  7.4
Armour         | 3 4 6 |  6.2
Throwing       | 2 3 |  3.0
Dodging        | |  2.1

Action                   |  1- 3 |  4- 6 |  7- 9 || total
-------------------------+-------+-------+-------++-------
Melee: Hand axe          |    47 |       |       ||    47
       Headbutt          |     8 |    15 |    28 ||    51
       Punch             |     1 |       |     2 ||     3
       War axe           |    14 |   113 |   151 ||   278
Throw: Javelin           |       |       |    17 ||    17
Invok: Berserk           |     1 |     6 |     8 ||    15
  Use: Scroll            |     6 |     1 |    14 ||    21
       Potion            |     1 |     2 |     3 ||     6
Armor: Animal skin       |     4 |       |       ||     4
       Leather armour    |     6 |       |       ||     6
       Chain mail        |     8 |    59 |    37 ||   104
       Plate armour      |       |       |     9 ||     9
Dodge: Dodged            |    25 |    49 |    28 ||   102
Block: Other             |       |       |     8 ||     8
       Reflection        |       |       |     2 ||     2

Table legend:
 A = Non-vault XP
 B = Vault XP
 C = Vault XP percentage of total XP
 D = Non-vault monster count
 E = Vault monster count
 F = Vault count percentage of total count
                 A         B        C        D         E       F
            +---------+---------+-------+---------+---------+-------
      Total |    3329 |     831 |  20.0 |     129 |      31 |  19.4
            +---------+---------+-------+---------+---------+-------
        D:1 |      13 |       6 |  31.6 |       7 |       4 |  36.4
        D:2 |      56 |       0 |   0.0 |      17 |       0 |   0.0
        D:3 |     329 |      72 |  18.0 |      29 |      13 |  31.0
        D:4 |     256 |      36 |  12.3 |      27 |       1 |   3.6
        D:5 |    1077 |     548 |  33.7 |      20 |      12 |  37.5
        D:6 |     974 |       0 |   0.0 |      15 |       0 |   0.0
        D:7 |     624 |     169 |  21.3 |      14 |       1 |   6.7
            +---------+---------+-------+---------+---------+-------
